 Dungeon Crawl Stone Soup version 0.16.0-18-g484a79e (webtiles) character file.

673152 Raurakos the Cloud Mage (level 27, -21/174 HPs)
             Began as a Tengu Fire Elementalist on Mar 20, 2015.
             Was the Champion of Vehumet.
             Killed from afar by an orb of fire (44 damage)
             ... with a fireball
             ... on level 5 of the Realm of Zot on Mar 22, 2015.
             The game lasted 13:24:23 (76875 turns).

Raurakos the Cloud Mage (Tengu Fire Elementalist)  Turns: 76875, Time: 13:24:24

Health: -21/174    AC: 27    Str:  9    XL:     27
Magic:  15/47      EV: 35    Int: 29    God:    Vehumet [******]
Gold:   7533       SH:  8    Dex: 19    Spells: 12 memorised, 6 levels left

rFire  + . .     SeeInvis .     a - staff of energy
rCold  . . .     Clarity  .     y - +6 mottled dragon armour
rNeg   . . .     SustAb   .     g - +2 buckler {AC+3}
rPois  +         Gourm    .     o - +2 hat
rElec  +         Spirit   .     N - +1 cloak of Demons {rElec Int+4 Dex+3}
rCorr  .         Warding  .     d - +2 pair of gloves
rMut   +         Stasis   .     (boots unavailable)
MR     ++...                    H - amulet of resist mutation
Stlth  ++........               t - ring of protection from fire
                                k - +6 ring of evasion

@: flying quickly and evasively, slowed, deflect missiles, very slow, very
resistant to hostile enchantments, unstealthy
A: able to fly continuously, beak, talons 3, blurry vision 1, dopey 1, poison
resistance
a: Stop Flying, Renounce Religion
}: 4/15 runes: barnacled, silver, abyssal, gossamer


You were on level 5 of the Realm of Zot.
You worshipped Vehumet.
Vehumet was exalted by your worship.
You were not hungry.

You visited 10 branches of the dungeon, and saw 55 of its levels.
You visited the Abyss 3 times.
You also visited: Labyrinth, Bailey, Ice Cave and Volcano.

You collected 8265 gold pieces.
You spent 732 gold pieces at shops.

Inventory:

Hand weapons
 b - a +6 demon blade of flaming
Armour
 d - a +2 pair of gloves (worn)
 g - a +2 buckler of protection (worn)
 o - a +2 hat (worn)
 y - a +6 mottled dragon armour (worn)
 N - the +1 cloak of Demons (worn) {rElec Int+4 Dex+3}
   (You bought it in a shop on level 4 of the Dungeon)

   It affects your intelligence (+4).
   It affects your dexterity (+3).
   It insulates you from electricity.
Magical staves
 a - an uncursed staff of energy (weapon)
Jewellery
 k - a +6 ring of evasion (left hand)
 l - an uncursed amulet of clarity
 r - an uncursed amulet of regeneration
 t - a ring of protection from fire (right hand)
 w - an uncursed ring of see invisible
 G - an uncursed ring of teleportation
 H - an amulet of resist mutation (around neck)
 L - an uncursed ring of protection from magic
 M - an uncursed ring of protection from cold
 S - an uncursed ring of teleport control
Magical devices
 h - a wand of teleportation (5)
 j - a wand of invisibility (3)
 m - a wand of invisibility (3)
 u - a wand of paralysis (10)
 z - a wand of heal wounds (4)
 D - a wand of digging (18)
Scrolls
 i - 2 scrolls of magic mapping
 n - 7 scrolls of teleportation
 p - 3 scrolls of enchant armour
 s - 20 scrolls of remove curse
 E - a scroll of blinking
 J - 7 scrolls of recharging
 Q - 7 scrolls of fog
 W - 7 scrolls of fear
 Y - 18 scrolls of identify
Potions
 e - 20 potions of curing
 v - a potion of heal wounds
 x - 8 potions of resistance
 B - 8 potions of haste
 C - 9 potions of cancellation
 I - a potion of agility
 P - a potion of cure mutation
 R - 8 potions of brilliance
 T - 12 potions of restore abilities
 X - 4 potions of magic
Miscellaneous
 f - a phantom mirror
 O - a lantern of shadows
 V - a crystal ball of energy
Comestibles
 c - 36 bread rations
 Z - 3 meat rations


   Skills:
 - Level 18.2 Fighting
 - Level 14.0 Long Blades
 - Level 16.1 Armour
 - Level 15.0 Dodging
 - Level 2.0 Stealth
 - Level 5.0 Shields
 - Level 20.0 Spellcasting
 + Level 17.1 Conjurations
 - Level 5.0 Charms
 - Level 15.0 Summonings
 - Level 5.0 Translocations
 - Level 19.0 Fire Magic
 - Level 25.0 Air Magic
 - Level 7.0 Poison Magic
 - Level 15.0 Evocations


You had 6 spell levels left.
You knew the following spells:

 Your Spells              Type           Power        Failure   Level  Hunger
a - Tornado               Air            ########..   3%          9    None
b - Blink                 Tloc           N/A          1%          2    None
c - Bolt of Magma         Conj/Fire/Erth #######...   1%          5    None
d - Deflect Missiles      Chrm/Air       #######...   1%          6    None
e - Poisonous Cloud       Conj/Pois/Air  #######...   1%          6    None
f - Fireball              Conj/Fire      #######...   1%          5    None
g - Lightning Bolt        Conj/Air       ########..   0%          5    None
h - Spellforged Servitor  Conj/Summ      #######...   1%          7    None
i - Apportation           Tloc           ######....   1%          1    None
o - Orb of Destruction    Conj           #######...   1%          7    None
p - Phase Shift           Tloc           ######....   8%          5    None
s - Swiftness             Chrm/Air       #######.     0%          2    None


Dungeon Overview and Level Annotations

Branches:
Dungeon (15/15)            Temple (1/1) D:4            Lair (8/8) D:9
 Shoals (5/5) Lair:4       Spider (5/5) Lair:5        Slime (0/6) Lair:6
    Orc (4/4) D:12            Elf (2/3) Orc:4        Vaults (5/5) D:14
  Crypt (0/3) Vaults:3     Depths (5/5) D:15            Zot (5/5) Depths:5

Altars:
Ashenzari
Cheibriados
Dithmenos
Elyvilon
Fedhas
Gozag
Kikubaaqudgha
Makhleb
Nemelex Xobeh
Okawaru
Qazlal
Ru
Sif Muna
Trog
Vehumet
Xom
Yredelemnul
Zin
The Shining One
Beogh
Jiyva

Shops:
D:4 [[   D:12 :   Orc:1 *   Orc:2 *   Orc:4 !([(   Elf:2 !   Shoals:3 }
Shoals:4 !   Vaults:2 !   Vaults:3 }:*   Vaults:4 !   Depths:4 *   Depths:5 !

Portals:
Hell: Depths:1 Depths:2 Depths:3 Depths:4 Depths:5
Abyss: Depths:2 Depths:3 Depths:4
Pandemonium: Depths:3
Ziggurat: Depths:1
Trove: Vaults:3 (give 2 scrolls of acquirement)

Annotations:
D:5 exclusion: centaur, DevastatorOne's ghost, experienced FoFi
D:8 2 runed doors
Zot:1 exclusion: door


Innate Abilities, Weirdness & Mutations

You can fly continuously.
You have a beak for a mouth.
You have claws for feet.
Scrolls take you a little longer to read.
You are dopey. (Int -2)
Your system is resistant to poisons.


Message History

The fireball explodes!
The fireball engulfs you! You resist.
* * * LOW HITPOINT WARNING * * *
The fireball engulfs the orb of fire.
The orb of fire completely resists.
The fireball engulfs the orb of fire.
The orb of fire completely resists.
Drink which item? (? for menu, Esc to quit)
You feel much better.
You destroy the orb of fire!
You feel your power returning.
Your Conjurations skill increases to level 17!
You destroy your spellforged servitor!
Your spellforged servitor's corpse disappears in a puff of smoke!
Casting: Tornado
Confirm with . or Enter, or press ? or * to list all spells.
A powerful magic prevents control of your teleportation.
You blink.
The orb of fire emits a lurid red light.
The bolt of fire misses you.
The orb of fire glows bright magenta.
The fireball explodes!
The fireball engulfs you! You resist.
You die...

#....(..#.8##..#..../.#'#
#.......#..##'#####'#....
#.....<.#.......#...#....
#.8.)...+.......+...#....
#.......#'###..##..)'....
####'##....##..##...#....
#!...#....#...+....#..8.
#....#....#...##...#....
#....#.@§§§...####+#....
#....#§§§§#§§.'....#....
#....#§§§§#§##.#...'....
#....#§§§§§§§§.###'#....
#....#§§§§§§§§§...*.....
#....#§§*§§§§§§.........
#....#§§§§§§§§§.........
#....#§§§§##§##.........
#....#§§§§#...#...)...#'


You could see an orb of fire.

Vanquished Creatures
  2 orbs of fire
  5 ancient liches
  Margery (Depths:5)
  Norris (Vaults:3)
  Saint Roka (Orc:4)
  A caustic shrike (Depths:4)
  Mara (Depths:4)
  5 golden dragons
  Jory (Vaults:3)
  A profane servitor (Abyss:3)
  Xtahua (Vaults:2)
  6 bone dragons
  A hellephant (Abyss:1)
  An electric golem (Zot:3)
  A Hell Sentinel (Abyss:1)
  A Brimstone Fiend (Vaults:5)
  9 Orb Guardians (Zot:5)
  10 tentacled monstrosities
  7 liches
  10 titans
  3 quicksilver dragons
  Asterion (Shoals:4)
  The ghost of puimuR the Brawler, a mighty TrAM of Jiyva (Vaults:2)
  4 sphinxes
  2 krakens
  17 tentacled starspawn
  Rupert (Shoals:3)
  Agnes (Elf:2)
  7 shadow dragons
  An Executioner (Abyss:3)
  Kirke (Elf:1)
  An ancient champion (Abyss:3)
  A storm dragon (shapeshifter) (Depths:3)
  2 revenants (Abyss:3)
  8 tengu reavers
  15 storm dragons
  7 fire giants
  5 draconian monks
  A daeva (Abyss:3)
  Ilsuiw (Shoals:5)
  12 frost giants
  Donald (Elf:2)
  Wiglaf (Shoals:3)
  19 vault wardens
  An iron dragon (Depths:4)
  10 draconian scorchers
  A deep elf sorcerer (Vaults:5)
  3 cacodemons (Abyss:1)
  5 ghost moths
  4 draconian knights
  3 draconian zealots
  Gastronok (D:13)
  8 emperor scorpions
  A spectral weapon (Shoals:4)
  5 spriggan defenders
  17 ironheart preservers
  4 draconian annihilators
  A ghoul (Vaults:3)
  5 draconian shifters
  5 spellforged servitors
  An ophan (Abyss:1)
  A war gargoyle (Vaults:3)
  22 stone giants
  3 draconian callers
  12 very ugly things
  5 grey draconians
  A stone giant (shapeshifter) (Depths:4)
  8 green draconians
  6 black draconians
  3 deep elf demonologists
  2 deep elf annihilators
  4 mottled draconians
  Azrael (Spider:4)
  A red draconian (shapeshifter) (Vaults:4)
  8 yellow draconians
  8 red draconians
  6 dire elephants
  2 lorocyprocas (Depths:3)
  A vampire knight (Depths:4)
  10 purple draconians
  8 white draconians
  4 pale draconians
  4 blizzard demons
  A deep elf death mage (Abyss:3)
  7 merfolk javelineers
  37 vault guards
  A minotaur (shapeshifter) (Depths:3)
  4 rakshasas
  2 crystal guardians
  10 minotaurs
  28 yaktaur captains
  2 fire dragons (shapeshifter) (Depths:3)
  15 fire dragons
  5 merfolk impalers
  13 ettins
  5 great orbs of eyes
  3 deep elf high priests
  10 hydras
  The ghost of Swippen the Basher, a powerful GrFi of Elyvilon (Orc:4)
  7 death cobs
  14 ice dragons
  6 merfolk aquamancers
  5 catoblepae
  8 spriggan air magi
  Erica (Lair:7)
  10 centaur warriors
  4 merfolk avatars
  A tengu warrior (Depths:4)
  An alligator snapping turtle (Shoals:5)
  20 dancing weapons
  An alligator (shapeshifter) (Abyss:1)
  28 death yaks
  10 ogre magi
  12 thrashing horrors
  2 vampire magi
  8 satyrs
  14 deep troll earth magi
  9 deep troll shamans
  An orc high priest (Orc:4)
  4 hell hogs (Abyss:3)
  5 spriggan berserkers
  2 sun demons
  A storm dragon zombie (Zot:2)
  Nergalle (Orc:3)
  2 titan skeletons
  9 skeletal warriors (Vaults:3)
  A soul eater (Zot:1)
  14 wretched stars
  5 iron trolls
  5 unseen horrors
  The ghost of xsansara the Spear-Bearer, an experienced MiBe of Trog (D:7)
  5 ice devils (IceCv)
  23 hell knights
  20 deep elf knights
  5 shadow wraiths
  3 death drakes
  19 sea snakes
  7 spatial maelstroms
  An unseen horror (shapeshifter) (Abyss:3)
  5 fire crabs
  A fire crab (shapeshifter) (Depths:3)
  7 deep elf summoners
  2 flayed ghosts
  Erolcha (D:10)
  A giant orange brain (Vaults:4)
  2 lindwurms
  An ice statue (IceCv)
  29 deep trolls
  A shadow demon (Abyss:3)
  26 starcursed masses
  A lindwurm (shapeshifter) (Depths:3)
  Pikel (D:7)
  A golden dragon skeleton (Vaults:4)
  A quicksilver dragon simulacrum (Abyss:3)
  A harpy (shapeshifter) (Vaults:3)
  A mana viper (Abyss:1)
  9 deep elf conjurers
  19 ironbrand convokers
  41 wolf spiders
  20 harpies
  35 large abominations
  9 orc knights
  20 necromancers
  6 hill giants
  6 water nymphs
  14 orb spiders
  A wolf spider (shapeshifter) (Depths:3)
  2 moths of wrath (shapeshifter)
  A draconian zombie (Zot:1)
  2 iron dragon zombies (Abyss:3)
  5 phantasmal warriors
  5 sixfirhies
  10 wizards
  A manticore (shapeshifter) (Depths:4)
  16 fauns
  2 fire giant zombies (Abyss:3)
  2 draconians (shapeshifter)
  An oklob plant (Lair:6)
  An orb spider (shapeshifter) (Depths:5)
  3 tengu skeletons
  11 manticores
  18 griffons
  28 slime creatures
  A stone giant zombie (Vaults:2)
  6 hornets
  7 black mambas
  39 ugly things
  2 orc sorcerers
  A rust devil (Abyss:3)
  2 sphinx skeletons (Vaults:3)
  12 cyclopes
  5 worldbinders
  18 moths of wrath
  6 human skeletons
  A fire giant skeleton (Vaults:2)
  A stone giant skeleton (Vaults:4)
  16 vault sentinels
  A black mamba (shapeshifter) (Vaults:4)
  2 apocalypse crabs
  24 elephants
  Joseph (Orc:2)
  5 gargoyles
  3 naga magi (Depths:3)
  A frost giant skeleton (Vaults:3)
  5 centaur zombies
  An eye of devastation (Abyss:1)
  9 spiny frogs
  8 orange demons
  5 torpor snails
  A queen ant (Lair:8)
  8 sirens
  A hellion (Abyss:3)
  A storm dragon simulacrum (D:14)
  Psyche (D:8)
  2 efreet
  A yaktaur (shapeshifter) (Depths:1)
  8 smoke demons
  8 anaconda simulacra
  3 hellwings
  2 kobold demonologists
  A komodo dragon (shapeshifter) (Vaults:4)
  An elf (shapeshifter) (Vaults:5)
  83 yaktaurs
  A golden dragon simulacrum (IceCv)
  9 komodo dragons
  15 demonic crawlers
  A tengu conjurer (Depths:2)
  16 deep elf priests
  9 freezing wraiths
  A queen bee (Lair:5)
  A yaktaur skeleton (Vaults:2)
  6 fire drakes
  A queen bee (shapeshifter) (Depths:3)
  13 trolls
  3 blue devils
  4 wind drakes
  4 ancient zymes
  A merfolk (shapeshifter) (Depths:3)
  21 jumping spiders
  A two-headed ogre (shapeshifter) (Depths:4)
  34 merfolk
  6 polar bears
  A wolf spider simulacrum (IceCv)
  Prince Ribbit (D:9)
  22 two-headed ogres
  A tengu simulacrum (Vaults:2)
  A griffon zombie (Vaults:2)
  8 blink frogs
  19 raiju
  2 ravens (D:14)
  11 boulder beetles
  3 ettin zombies (Vaults:2)
  A basilisk (D:15)
  An ugly thing zombie (D:8)
  6 wyverns
  41 redbacks
  A tarantella (shapeshifter) (D:15)
  A redback (shapeshifter) (Vaults:5)
  A shadow (D:15)
  4 vampires
  5 air elementals
  2 ettin skeletons (Abyss:1)
  A trapdoor spider (shapeshifter) (Vaults:5)
  59 yaks
  13 ynoxinuls
  11 flying skulls (Zot:2)
  27 small abominations
  37 tarantellas
  A hog (shapeshifter) (Depths:2)
  3 wraiths
  A dire elephant simulacrum (IceCv)
  5 snapping turtles
  A black mamba zombie (Abyss:1)
  7 water elementals
  6 golden eyes
  28 deep elf magi
  25 trapdoor spiders
  15 hippogriffs
  A fire bat (shapeshifter) (Depths:2)
  A golden eye (shapeshifter) (Vaults:3)
  A yak (shapeshifter) (Vaults:1)
  40 deep elf fighters
  3 hogs (Elf:1)
  4 spriggans
  2 human simulacra (Vaults:2)
  2 chaos spawn
  14 humans (Vaults:3)
  14 spatial vortices
  An iron troll simulacrum (IceCv)
  2 fire bats
  10 neqoxecs
  A death yak simulacrum (IceCv)
  8 wargs
  4 hungry ghosts
  A steam dragon (D:10)
  6 hydra simulacra
  23 water moccasins
  9 mottled dragons
  5 fire elementals
  14 wolves
  5 insubstantial wisps
  3 harpy simulacra
  Edmund (Orc:1)
  5 vampire mosquitoes
  8 hell hounds
  2 soldier ants
  A water moccasin (shapeshifter) (Vaults:2)
  17 porcupines
  7 wasps
  A deep troll skeleton (Vaults:3)
  2 black bears
  4 ice beasts
  43 ogres
  A fire dragon simulacrum (Depths:3)
  6 necrophages
  4 sky beasts
  A black bear (shapeshifter) (Depths:2)
  35 spiders
  51 orc warriors
  15 centaurs
  An eye of draining (D:13)
  A phantom (D:6)
  2 slaves (D:7)
  9 boggarts
  5 boring beetles
  12 crocodiles
  2 ettin simulacra (IceCv)
  A human zombie (Vaults:4)
  Duvessa (D:7)
  4 big kobolds
  A gnoll sergeant (D:9)
  12 giant frogs
  An earth elemental (Lab)
  A water moccasin zombie (D:9)
  32 scorpions
  A yak zombie (D:8)
  An elephant simulacrum (IceCv)
  18 wights
  3 electric eels
  33 killer bees
  A goliath beetle (D:6)
  11 hounds
  Dowan (D:7)
  4 crimson imps
  7 iguanas
  37 orc priests
  2 draconian simulacra (IceCv)
  4 iron imps
  3 jellies
  Crazy Yiuf (D:7)
  4 quasits
  A giant frog zombie (D:6)
  A giant frog skeleton (D:5)
  3 centaur skeletons
  40 orc wizards
  A boulder beetle simulacrum (Vaults:2)
  2 troll simulacra (IceCv)
  9 hell rats
  27 worker ants
  A spriggan simulacrum (IceCv)
  2 polar bear simulacra (IceCv)
  26 sheep
  2 centaur simulacra (IceCv)
  2 hound skeletons (D:8)
  A mummy (D:10)
  10 gnolls
  6 shadow imps
  3 ogre simulacra (IceCv)
  16 adders
  A naga simulacrum (IceCv)
  87 river rats
  8 giant mites (Spider:3)
  7 white imps
  29 ufetubi
  An adder zombie (D:9)
  An adder skeleton (D:4)
  5 giant geckos
  2 oozes
  232 orcs
  2 bat zombies (D:6)
  7 giant cockroaches
  26 goblins
  29 hobgoblins
  8 jackals
  12 quokkas
  A ball python (D:2)
  17 bats
  A giant gecko skeleton (D:4)
  2 giant newts
  4 giant spores
  A jackal zombie (D:5)
  40 kobolds
  15 rats
  9 ballistomycetes
  4 bushes
  4 crawling corpses
  7 fungi
  19 plants
  22 starspawn tentacles
  5 starspawn tentacle segments
  2 tentacles (Shoals:3)
3362 creatures vanquished.

Vanquished Creatures (collateral kills)
  An ancient lich (Zot:2)
  A curse toe (Zot:4)
  3 Killer Klowns (Zot:5)
  2 golden dragons
  Nikola (Vaults:3)
  An electric golem (Zot:5)
  An Orb Guardian (Zot:5)
  2 storm dragons (Zot:4)
  A draconian monk (Zot:4)
  A draconian zealot (Zot:4)
  A green draconian (Zot:4)
  A spellforged servitor (Zot:4)
  A black draconian (Zot:4)
  2 red draconians
  A mottled draconian (Zot:4)
  2 white draconians
  4 moths of wrath
  A tormentor (Zot:5)
27 creatures vanquished.

Vanquished Creatures (others)
  An eldritch tentacle (Zot:5)
  A ghost moth (Zot:4)
  A draconian knight (Zot:4)
  4 spellforged servitors
  An ogre mage (D:15)
  A wizard (Depths:4)
  A deep elf conjurer (Vaults:5)
  A torpor snail (Spider:4)
  An orange demon (Abyss:1)
  A fire drake (Zot:2)
  A hog (Volcano)
  A deep elf fighter (Volcano)
  A boggart (Depths:4)
  2 centaurs (Volcano)
  A big kobold (Vaults:3)
  An adder (shapeshifter) (Vaults:5)
  A quokka (D:4)
  A giant spore (D:9)
  58 eldritch tentacle segments (Zot:5)
  14 fungi
  9 plants
  19 starspawn tentacles
  299 starspawn tentacle segments
  6 tentacles
  1309 tentacle segments
1736 creatures vanquished.

Grand Total: 5125 creatures vanquished

Notes
Turn   | Place    | Note
--------------------------------------------------------------
     0 | D:1      | Raurakos, the Tengu Fire Elementalist, began the quest for the Orb.
     0 | D:1      | Reached XP level 1. HP: 10/10 MP: 3/3
   617 | D:1      | Reached XP level 2. HP: 15/15 MP: 1/5
   641 | D:1      | Learned a level 2 spell: Throw Flame
  2001 | D:1      | Reached skill level 4 in Fire Magic
  2001 | D:1      | Reached XP level 3. HP: 19/19 MP: 4/7
  2034 | D:1      | Learned a level 3 spell: Conjure Flame
  2830 | D:2      | Found an iron altar of Okawaru.
  2830 | D:2      | Found a shimmering altar of Xom.
  3229 | D:3      | Reached XP level 4. HP: 24/24 MP: 4/8
  4257 | D:3      | Reached XP level 5. HP: 28/28 MP: 8/11
  4330 | D:3      | Reached skill level 5 in Fire Magic
  4599 | D:4      | Got a twisted robe
  4610 | D:4      | Identified the +0 robe of Vehumet's Benevolence {rElec rPois rF- rC+ SInv} (You found it on level 4 of the Dungeon)
  4681 | D:4      | Found Klaugrea's Antique Armour Shop.
  4722 | D:4      | Reached skill level 5 in Conjurations
  4960 | D:4      | Found a white marble altar of Elyvilon.
  5054 | D:4      | Reached XP level 6. HP: 32/32 MP: 9/12
  5395 | D:4      | Noticed an ogre
  5398 | D:4      | Noticed an ogre
  5407 | D:4      | Killed an ogre
  5407 | D:4      | Reached skill level 6 in Conjurations
  5586 | D:4      | Found a staircase to the Ecumenical Temple.
  5591 | Temple   | Entered the Ecumenical Temple
  5616 | Temple   | Became a worshipper of Vehumet
  5673 | D:4      | Found Chazinit's Antique Armour Shop.
  5846 | D:4      | Noticed a phantom
  5847 | D:5      | Entered Level 5 of the Dungeon
  5857 | D:5      | Noticed DevastatorOne's ghost (experienced FoFi)
  5961 | D:5      | Reached XP level 7. HP: 36/36 MP: 12/14
  6365 | D:4      | Learned a level 4 spell: Sticky Flame
  6448 | D:4      | Bought a fine cloak for 247 gold pieces
  6453 | D:4      | Identified the +1 cloak of Demons {rElec Int+4 Dex+3} (You bought it in a shop on level 4 of the Dungeon)
  6673 | D:6      | Reached skill level 7 in Conjurations
  6782 | D:6      | Acquired Vehumet's first power
  6782 | D:6      | Offered knowledge of Freeze by Vehumet.
  7092 | D:6      | Reached skill level 8 in Conjurations
  7092 | D:6      | Reached XP level 8. HP: 41/41 MP: 11/16
  7504 | D:6      | Reached skill level 9 in Conjurations
  7658 | D:6      | Found a glowing silver altar of Zin.
  7778 | D:7      | Noticed Pikel
  8028 | D:7      | Noticed xsansara's ghost (experienced MiBe)
  8061 | D:7      | Killed xsansara's ghost
  8061 | D:7      | Reached XP level 9. HP: 42/45 MP: 7/21
  8260 | D:7      | Offered knowledge of Searing Ray by Vehumet.
  8361 | D:7      | Reached skill level 10 in Fire Magic
  8368 | D:7      | Learned a level 5 spell: Fireball
  8418 | D:7      | Reached skill level 5 in Spellcasting
  8756 | D:7      | Noticed Duvessa
  8922 | D:7      | Noticed Dowan
  8926 | D:7      | Killed Dowan
  8955 | D:7      | Killed Duvessa
  9451 | D:7      | Noticed Crazy Yiuf
  9456 | D:7      | Killed Crazy Yiuf
  9516 | D:7      | Killed Pikel
  9690 | D:8      | Noticed a purple ugly thing
  9711 | D:8      | Reached XP level 10. HP: 50/50 MP: 16/27
  9720 | D:8      | Killed a purple ugly thing
  9722 | D:8      | Noticed an ugly thing zombie
  9931 | D:8      | Found a large runed door.
  9932 | D:8      | Found a large runed door.
 10021 | D:8      | Offered knowledge of Dazzling Spray by Vehumet.
 10160 | D:8      | Noticed Psyche
 10164 | D:8      | Killed Psyche
 10181 | D:8      | Killed an ugly thing zombie
 10597 | D:9      | Noticed Prince Ribbit
 10644 | D:9      | You fall through a shaft!
 10644 | D:10     | Entered Level 10 of the Dungeon
 10703 | D:10     | Found a flagged portal.
 10720 | D:10     | Acquired Vehumet's second power
 10732 | Bailey   | Entered a bailey
 10821 | Bailey   | Reached skill level 5 in Dodging
 10821 | Bailey   | Reached skill level 1 in Evocations
 10897 | Bailey   | Offered knowledge of Airstrike by Vehumet.
 10903 | Bailey   | Learned a level 4 spell: Airstrike
 11393 | D:9      | Found a staircase to the Lair.
 11405 | D:9      | Found an ancient bone altar of Kikubaaqudgha.
 11582 | D:9      | Acquired Vehumet's third power
 11767 | D:9      | Reached skill level 10 in Spellcasting
 11830 | D:9      | Offered knowledge of Iskenderun's Battlesphere by Vehumet.
 11830 | D:9      | Reached XP level 11. HP: 34/54 MP: 19/30
 11970 | D:9      | Killed Prince Ribbit
 12196 | Lair:1   | Entered Level 1 of the Lair of Beasts
 12386 | Lair:1   | Reached skill level 1 in Armour
 12859 | Lair:1   | Reached skill level 5 in Armour
 12865 | Lair:1   | Reached skill level 1 in Air Magic
 13375 | Lair:2   | Reached skill level 5 in Air Magic
 13447 | Lair:2   | Reached skill level 1 in Fighting
 13461 | Lair:2   | Offered knowledge of Irradiate by Vehumet.
 13870 | Lair:2   | Reached XP level 12. HP: 66/66 MP: 26/31
 13973 | Lair:2   | Reached skill level 5 in Fighting
 14478 | Lair:2   | Reached skill level 10 in Dodging
 15030 | Lair:3   | Noticed a five-headed hydra
 15035 | Lair:3   | Killed a five-headed hydra
 15083 | Lair:3   | Reached skill level 1 in Long Blades
 15639 | Lair:4   | Noticed a death yak
 15640 | Lair:4   | Noticed a death yak
 15704 | Lair:4   | Found a staircase to the Shoals.
 15717 | Lair:4   | Noticed an eight-headed hydra
 15961 | Lair:4   | Killed an eight-headed hydra
 16052 | Lair:4   | Noticed an eight-headed hydra
 16055 | Lair:4   | Killed an eight-headed hydra
 16055 | Lair:4   | Reached skill level 5 in Long Blades
 16288 | Lair:4   | Offered knowledge of Lightning Bolt by Vehumet.
 16938 | Lair:4   | Noticed a death yak
 16959 | Lair:4   | Killed a death yak
 16967 | Lair:4   | Killed a death yak
 16972 | Lair:4   | Killed a death yak
 16972 | Lair:4   | Reached XP level 13. HP: 57/72 MP: 10/32
 17312 | Lair:5   | Learned a level 5 spell: Lightning Bolt
 17437 | Lair:5   | Gained mutation: Your spells are a little harder to cast, but a little more powerful. [potion of beneficial mutation]
 17446 | Lair:5   | Got a warped flail
 17447 | Lair:5   | Identified the +3 flail "Pnimn" {flame, rN+ Str-4 Dex+5} (You found it on level 5 of the Lair of Beasts)
 17506 | Lair:5   | Found a hole to the Spider Nest.
 17606 | Lair:5   | Reached skill level 10 in Conjurations
 18976 | Lair:6   | Found a labyrinth entrance.
 18977 | Lair:6   | Found a viscous altar of Jiyva.
 18978 | Lair:6   | Found a staircase to the Slime Pits.
 18983 | Lab      | Entered a labyrinth
 19009 | Lab      | Reached skill level 10 in Air Magic
 19428 | Lab      | Noticed a minotaur
 19437 | Lab      | Killed a minotaur
 19470 | Lab      | Identified the Reference Book on Lucky Dislocation
 19473 | Lab      | Identified the Guide on Supportive Talismans
 19719 | Lair:6   | Reached skill level 11 in Air Magic
 19725 | Lair:6   | Offered knowledge of Freezing Cloud by Vehumet.
 20456 | Lair:6   | Reached skill level 12 in Air Magic
 21298 | Lair:7   | Reached skill level 5 in Evocations
 21437 | Lair:7   | Noticed Erica
 21997 | Lair:7   | Reached XP level 14. HP: 78/78 MP: 24/33
 22159 | Lair:7   | Killed Erica
 22365 | Lair:8   | Entered Level 8 of the Lair of Beasts
 22543 | Lair:8   | Found a dark tunnel.
 22566 | Volcano  | Entered a volcano
 22608 | Volcano  | Offered knowledge of Spellforged Servitor by Vehumet.
 22869 | Lair:8   | Reached skill level 10 in Evocations
 23568 | Lair:8   | Learned a level 7 spell: Spellforged Servitor
 23659 | Lair:8   | Reached skill level 13 in Air Magic
 24056 | Lair:8   | Reached skill level 14 in Air Magic
 24447 | D:10     | Noticed Erolcha
 24453 | D:10     | Killed Erolcha
 24453 | D:10     | Reached skill level 1 in Summonings
 25484 | D:11     | Reached XP level 15. HP: 82/82 MP: 27/34
 25873 | D:12     | Reached skill level 5 in Summonings
 26027 | D:12     | Found Weol's Book Shop.
 26310 | D:12     | Offered knowledge of Conjure Ball Lightning by Vehumet.
 26352 | D:12     | Found a staircase to the Orcish Mines.
 26891 | Orc:1    | Entered Level 1 of the Orcish Mines
 26916 | Orc:1    | Found an iron altar of Okawaru.
 27115 | Orc:1    | Noticed Edmund
 27121 | Orc:1    | Killed Edmund
 27169 | Orc:1    | Found Caisausa's Assorted Antiques.
 27179 | Orc:1    | Bought a brass ring for 95 gold pieces
 27857 | Orc:3    | Offered knowledge of Ozocubu's Refrigeration by Vehumet.
 28076 | Orc:3    | Noticed Nergalle
 28079 | Orc:3    | Killed Nergalle
 28528 | Orc:2    | Found Chirrun's Assorted Antiques.
 28535 | Orc:2    | Bought a scroll of identify for 50 gold pieces
 28543 | Orc:2    | Found a roughly hewn altar of Beogh.
 28620 | Orc:2    | Identified the Incunabulum of Dislocation and Moulding
 28726 | Orc:2    | Noticed Joseph
 28741 | Orc:2    | Killed Joseph
 28765 | Orc:2    | Found a roughly hewn altar of Beogh.
 28833 | Orc:4    | Entered Level 4 of the Orcish Mines
 28849 | Orc:4    | Paralysed by an orc sorcerer for 5 turns
 29189 | Orc:4    | Found a staircase to the Elven Halls.
 29268 | Orc:4    | Found a roughly hewn altar of Beogh.
 29283 | Orc:4    | Found Ucviurig's Distillery.
 29306 | Orc:4    | Offered knowledge of Poisonous Cloud by Vehumet.
 29363 | Orc:4    | Found a roughly hewn altar of Beogh.
 29409 | Orc:4    | Found a roughly hewn altar of Beogh.
 29570 | Orc:4    | Noticed Swippen's ghost (powerful GrFi)
 29911 | Lair:1   | Learned a level 6 spell: Poisonous Cloud
 30254 | Orc:4    | Found a roughly hewn altar of Beogh.
 30332 | Orc:4    | Found a roughly hewn altar of Beogh.
 30387 | Orc:4    | Killed Swippen's ghost
 30387 | Orc:4    | Reached skill level 15 in Air Magic
 30594 | Orc:4    | Noticed Saint Roka
 30598 | Orc:4    | Reached skill level 1 in Poison Magic
 30647 | Orc:4    | Killed Saint Roka
 30694 | Orc:4    | Offered knowledge of Glaciate by Vehumet.
 30694 | Orc:4    | Offered knowledge of Chain Lightning by Vehumet.
 30694 | Orc:4    | Offered knowledge of Tornado by Vehumet.
 30705 | Orc:4    | Found Ovuklulu's Antique Armour Emporium.
 30705 | Orc:4    | Found a roughly hewn altar of Beogh.
 30707 | Orc:4    | Found Furuoc's Antique Weapon Shoppe.
 30783 | Orc:4    | Found a roughly hewn altar of Beogh.
 30795 | Orc:4    | Found Bapec's Antique Weapon Shoppe.
 31033 | D:13     | Noticed Gastronok
 31175 | D:13     | Killed Gastronok
 31969 | D:12     | Bought a book of Minor Magic for 340 gold pieces
 32199 | Lair:1   | Learned a level 2 spell: Repel Missiles
 32202 | Lair:1   | Learned a level 2 spell: Blink
 32969 | D:14     | Reached skill level 5 in Poison Magic
 33009 | D:14     | Found a roughly hewn altar of Beogh.
 33304 | D:14     | Reached XP level 16. HP: 87/87 MP: 31/34
 33322 | D:14     | Found a gate to the Vaults.
 33354 | D:14     | Reached skill level 16 in Air Magic
 33859 | D:14     | Reached skill level 17 in Air Magic
 33976 | D:14     | Got a jewelled short sword
 33977 | D:14     | Identified the -3 short sword "Noohes" {flame, rN+ Int+3 Stlth-} (You found it on level 14 of the Dungeon)
 34242 | D:15     | Entered Level 15 of the Dungeon
 34550 | D:15     | Gained mutation: Your mind is acute. (Int +2) [potion of beneficial mutation]
 34603 | D:15     | Cast into the Abyss (an ogre mage)
 34603 | Abyss:1  | Found a corrupted altar of Lugonu.
 34677 | Abyss:1  | Gained mutation: You evolve. [potion of beneficial mutation]
 34849 | Abyss:1  | Noticed a tentacled starspawn
 34853 | Abyss:1  | Killed a tentacled starspawn
 34853 | Abyss:1  | Reached skill level 18 in Air Magic
 34872 | Abyss:1  | Got a crude falchion
 34986 | Abyss:1  | Noticed a bone dragon
 35028 | Abyss:1  | Noticed a tentacled starspawn
 35049 | Abyss:1  | Killed a tentacled starspawn
 35062 | Abyss:1  | Noticed a bone dragon
 35065 | D:15     | Escaped the Abyss
 35078 | D:15     | Gained mutation: Your spells are harder to cast, but more powerful. [evolution]
 35284 | D:15     | Found a staircase to the Depths.
 35846 | D:15     | Reached skill level 19 in Air Magic
 36428 | Spider:1 | Entered Level 1 of the Spider Nest
 37681 | Spider:2 | Reached XP level 17. HP: 92/92 MP: 8/35
 38407 | Spider:3 | Reached skill level 20 in Air Magic
 38664 | Spider:3 | Identified the +5 falchion of Schywu {antimagic, -Tele +Rage MP-9 Dex+5 SInv} (You took it off a deep elf demonologist on level 1 of the Abyss)
 39324 | Spider:3 | Reached skill level 21 in Air Magic
 40249 | Spider:4 | Found a frozen archway.
 40276 | IceCv    | Entered an ice cave
 40342 | IceCv    | Got a heavily runed granite ring
 40344 | IceCv    | Identified the ring "Jiynu" {rElec rN+ Str-2 Stlth+} (You found it in an ice cave)
 40716 | IceCv    | Reached skill level 22 in Air Magic
 40776 | IceCv    | Got a pair of translucent gloves
 40787 | IceCv    | Identified the +0 pair of gloves "Qupaoth" {+Inv rPois MR+ MP-9 Str-4} (You found it in an ice cave)
 41750 | Spider:4 | Noticed Azrael
 42089 | Spider:5 | Entered Level 5 of the Spider Nest
 42301 | Spider:4 | Killed Azrael
 42579 | Spider:5 | Reached XP level 18. HP: 91/96 MP: 22/36
 42693 | Spider:5 | Reached skill level 23 in Air Magic
 43967 | Spider:5 | Got a gossamer rune of Zot
 44511 | Shoals:1 | Entered Level 1 of the Shoals
 46137 | Shoals:2 | Identified the Papyrus of Slavery
 46468 | Shoals:2 | Learned a level 9 spell: Tornado
 46925 | Shoals:3 | Noticed Rupert
 47156 | Shoals:3 | Paralysed by Rupert for 6 turns
 47164 | Shoals:3 | Killed Rupert
 47179 | Shoals:3 | Reached skill level 24 in Air Magic
 47361 | Shoals:3 | Reached XP level 19. HP: 100/100 MP: 31/38
 47859 | Shoals:3 | Found Wejaifie's Gadget Shop.
 47934 | Shoals:3 | Gained mutation: Your system is resistant to poisons. [evolution]
 47934 | Shoals:3 | Lost mutation: You evolve. [end of evolution]
 48295 | Shoals:4 | Noticed Wiglaf
 48305 | Shoals:3 | Killed Wiglaf
 48564 | Shoals:4 | Found Ifamaenu's Distillery.
 48645 | Shoals:4 | Noticed Asterion
 48659 | Shoals:4 | Killed Asterion
 49147 | Shoals:5 | Entered Level 5 of the Shoals
 49311 | Shoals:5 | Reached skill level 25 in Air Magic
 49354 | Shoals:5 | Identified Deffanun's Tome of Harmful Poison
 49493 | Shoals:5 | Noticed Ilsuiw
 49512 | Shoals:5 | Killed Ilsuiw
 50270 | Shoals:5 | Reached skill level 10 in Fighting
 50317 | Shoals:5 | Got a barnacled rune of Zot
 50762 | Lair:1   | Learned a level 5 spell: Bolt of Magma
 51036 | Vaults:1 | Entered Level 1 of the Vaults
 51785 | Vaults:1 | Reached XP level 20. HP: 117/117 MP: 14/38
 52600 | Vaults:2 | Noticed puimuR's ghost (mighty TrAM)
 52619 | Vaults:2 | Killed puimuR's ghost
 52860 | Vaults:2 | Noticed Xtahua
 52868 | Vaults:2 | Killed Xtahua
 52868 | Vaults:2 | Reached skill level 15 in Conjurations
 52997 | Vaults:2 | Reached skill level 1 in Translocations
 53241 | Vaults:2 | Found Osmi's Distillery.
 53710 | Vaults:3 | Found Ituoskarph's Gadget Boutique.
 53714 | Vaults:3 | Reached skill level 5 in Translocations
 53806 | Vaults:3 | Found a portal to a secret trove of treasure.
 53897 | Vaults:3 | Reached skill level 10 in Summonings
 53978 | Vaults:3 | Reached XP level 21. HP: 122/122 MP: 39/39
 53992 | Vaults:3 | Got a bloodstained leather armour
 54011 | Vaults:3 | Found Woalo's Book Shoppe.
 54038 | Vaults:3 | Identified the cursed -1 leather armour of Fekhlizu {rPois rC++ MR+ Str+5 Int-4} (You found it on level 3 of the Vaults)
 54151 | Vaults:3 | Found Weary's General Store.
 54344 | Vaults:3 | Got a faintly glowing plate armour
 54345 | Vaults:3 | Identified the -12 plate armour "Heucuh" {Int+7} (You found it on level 3 of the Vaults)
 54845 | Vaults:3 | Noticed Nikola
 54855 | Vaults:3 | Killed Nikola
 55124 | Vaults:3 | Found a staircase to the Crypt.
 55211 | Vaults:3 | Noticed Norris
 55215 | Vaults:3 | Noticed Jory
 55224 | Vaults:3 | Paralysed by Norris for 3 turns
 55233 | Vaults:3 | Killed Norris
 55355 | Vaults:3 | Reached skill level 15 in Summonings
 55382 | Vaults:3 | Killed Jory
 56076 | Vaults:4 | Reached XP level 22. HP: 125/127 MP: 32/41
 56498 | Vaults:4 | Found Kluukhun's Distillery.
 56764 | Vaults:4 | Reached skill level 15 in Spellcasting
 57549 | Elf:1    | Entered Level 1 of the Elven Halls
 57549 | Elf:1    | Noticed Kirke
 57562 | Elf:1    | Killed Kirke
 58499 | Elf:2    | Found Zuarufu's Distillery.
 58722 | Elf:2    | Noticed Agnes
 58725 | Elf:2    | Killed Agnes
 58770 | Elf:2    | Found a huge runed gate.
 58770 | Elf:2    | Found a huge runed gate.
 58771 | Elf:2    | Found a huge runed gate.
 58771 | Elf:2    | Found a huge runed gate.
 58771 | Elf:2    | Found a huge runed gate.
 59121 | Elf:2    | Noticed Donald
 59130 | Elf:2    | Killed Donald
 59588 | Lair:1   | Learned a level 6 spell: Deflect Missiles
 59839 | Depths:1 | Entered Level 1 of the Depths
 60065 | Depths:1 | Found a gateway to a ziggurat.
 60079 | Depths:1 | Reached XP level 23. HP: 132/132 MP: 32/42
 60478 | Depths:1 | Found a gateway to Hell.
 60605 | Depths:2 | Reached skill level 15 in Evocations
 60625 | Depths:2 | Reached skill level 1 in Charms
 60655 | Depths:2 | Identified Diety's Incunabulum of Gliding Combat Magic
 60744 | Depths:2 | Found a one-way gate to the infinite horrors of the Abyss.
 61058 | Depths:2 | Reached skill level 5 in Charms
 61074 | Depths:2 | Reached skill level 1 in Shields
 61639 | Depths:2 | Reached skill level 5 in Shields
 62291 | Depths:3 | Upgraded the game from 0.16.0-17-g811c1d7 to 0.16.0-18-g484a79e
 62623 | Depths:3 | Identified a +1 rod of destruction (9/9) (You took it off a yaktaur captain on level 3 of the Depths)
 62722 | Depths:3 | Found a one-way gate leading to the halls of Pandemonium.
 63001 | Depths:4 | Reached XP level 24. HP: 124/137 MP: 33/43
 63221 | Depths:4 | Noticed a caustic shrike
 63228 | Depths:4 | Killed a caustic shrike
 63311 | Depths:4 | Found Arase's General Store.
 63369 | Depths:4 | Reached skill level 15 in Dodging
 63646 | Depths:4 | Noticed Mara
 63865 | Depths:4 | Got a twisted ring mail
 63866 | Depths:4 | Identified the cursed -1 ring mail of the Sun {MR+ rCorr Slay-2} (You found it on level 4 of the Depths)
 63905 | Depths:4 | Noticed Raurakos' illusion
 63908 | Depths:4 | Killed Mara
 64201 | Depths:5 | Entered Level 5 of the Depths
 64248 | Depths:5 | Found Sofyxtoy's Distillery.
 64918 | Depths:5 | Noticed Margery
 64929 | Depths:5 | Killed Margery
 65222 | Depths:5 | Reached XP level 25. HP: 147/153 MP: 17/43
 65631 | Lair:1   | Learned a level 7 spell: Orb of Destruction
 66014 | Vaults:5 | Entered Level 5 of the Vaults
 66018 | Vaults:5 | Reached skill level 15 in Fighting
 66020 | Vaults:5 | Cast into the Abyss (a deep elf demonologist)
 66020 | Abyss:1  | Found a corrupted altar of Lugonu.
 66780 | Abyss:2  | Found an iron altar of Okawaru.
 67148 | Abyss:3  | Gained mutation: Your magical capacity is low (-10% MP). [a neqoxec]
 67813 | Abyss:3  | Got a slimy cloak
 67875 | Abyss:3  | Reached XP level 26. HP: 154/161 MP: 36/36
 67992 | Abyss:4  | Found a corrupted altar of Lugonu.
 67999 | Abyss:4  | Got an abyssal rune of Zot
 68252 | Abyss:4  | Found a corrupted altar of Lugonu.
 68307 | Vaults:5 | Escaped the Abyss
 68354 | Vaults:4 | Lost mutation: Your spells are harder to cast, but more powerful. [potion of cure mutation]
 68354 | Vaults:4 | Lost mutation: Your magical capacity is low (-10% MP). [potion of cure mutation]
 68354 | Vaults:4 | Lost mutation: Your spells are a little harder to cast, but a little more powerful. [potion of cure mutation]
 68354 | Vaults:4 | Lost mutation: Your mind is acute. (Int +2) [potion of cure mutation]
 68361 | Vaults:5 | Noticed an ancient lich
 68566 | Vaults:5 | Noticed an ancient lich
 68737 | Vaults:5 | Paralysed by a sphinx for 5 turns
 68783 | Vaults:5 | Killed an ancient lich
 68812 | Vaults:5 | Identified the Almanac of Creative Orientation (You found it on level 5 of the Vaults)
 68819 | Vaults:5 | Learned a level 5 spell: Phase Shift
 68823 | Vaults:5 | Identified the +2 cloak of the Bulwark {rC+ Str-3 Slay+2} (You found it on level 3 of the Abyss)
 68917 | Vaults:5 | Reached skill level 10 in Armour
 68984 | Vaults:5 | Killed an ancient lich
 69385 | Vaults:5 | Reached XP level 27. HP: 166/166 MP: 5/47
 69607 | Vaults:5 | Got an encrusted whip
 69608 | Vaults:5 | Identified the +6 whip "Closow" {slash, Dex+3} (You took it off an ogre mage on level 5 of the Vaults)
 69708 | Vaults:5 | Got a transparent copper ring
 69709 | Vaults:5 | Identified the ring "Niusira" {Ice Dex+3} (You found it on level 5 of the Vaults)
 69716 | Vaults:5 | Got a silver rune of Zot
 70003 | Vaults:5 | Got a shimmering great sword
 70004 | Vaults:5 | Identified the +4 great sword "Pnaol" {drain, rPois rN+} (You found it on level 5 of the Vaults)
 70975 | Depths:5 | Found a gate to the Realm of Zot.
 71033 | Zot:1    | Entered Level 1 of the Realm of Zot
 71148 | Zot:1    | Reached skill level 15 in Armour
 72461 | Zot:2    | Reached skill level 10 in Long Blades
 72487 | Zot:2    | Noticed an ancient lich
 72501 | Zot:2    | Killed an ancient lich
 72759 | Zot:2    | Learned a level 2 spell: Swiftness
 72770 | Zot:2    | Learned a level 1 spell: Apportation
 73094 | Zot:3    | Cast into the Abyss (black draconian)
 73094 | Abyss:1  | Found a corrupted altar of Lugonu.
 73585 | Zot:3    | Escaped the Abyss
 74705 | Zot:4    | Got a brightly glowing great sword
 74706 | Zot:4    | Identified the cursed +0 great sword of Faydochoc {slice, +Blink rElec MP+9 Str-2 Int+4} (You found it on level 4 of the Realm of Zot)
 74719 | Zot:4    | Noticed an orb of fire
 74729 | Zot:4    | Killed an orb of fire
 74968 | Zot:4    | Reached skill level 15 in Fire Magic
 75418 | Zot:5    | Entered Level 5 of the Realm of Zot
 76138 | Zot:5    | Noticed an ancient lich
 76154 | Zot:5    | Killed an ancient lich
 76256 | Zot:5    | Noticed an ancient lich
 76258 | Zot:5    | Noticed an orb of fire
 76260 | Zot:5    | Gained mutation: You are dopey. (Int -2) [an orb of fire]
 76262 | Zot:5    | Gained mutation: Scrolls take you a little longer to read. [an orb of fire]
 76272 | Zot:5    | Noticed an orb of fire
 76633 | Zot:5    | Killed an ancient lich
 76693 | Zot:5    | Noticed an ancient lich
 76864 | Zot:5    | Killed an ancient lich
 76873 | Zot:5    | HP: 3/174 [orb of fire/fireball (25)]
 76874 | Zot:5    | Killed an orb of fire
 76875 | Zot:5    | Killed from afar by an orb of fire

Action                   |  1- 3 |  4- 6 |  7- 9 | 10-12 | 13-15 | 16-18 | 19-21 | 22-24 | 25-27 || total
-------------------------+-------+-------+-------+-------+-------+-------+-------+-------+-------++-------
Melee: Whip              |     9 |       |       |       |       |       |       |       |       ||     9
       Unarmed           |     4 |       |       |       |       |       |       |       |       ||     4
       Dagger            |    49 |     4 |       |       |       |       |       |       |       ||    53
       Mace              |       |    56 |       |       |       |       |       |       |       ||    56
       Long sword        |       |     5 |    50 |       |       |       |       |       |       ||    55
       Scimitar          |       |       |    10 |   109 |    10 |       |       |       |       ||   129
       Staff             |       |       |       |    15 |   153 |   101 |   112 |    45 |    85 ||   511
       Falchion          |       |       |       |       |       |    98 |       |       |       ||    98
       Demon blade       |       |       |       |       |       |       |       |    20 |   106 ||   126
 Fire: Hunting sling     |    15 |    12 |       |       |       |       |       |       |       ||    27
       Blowgun           |       |     7 |       |       |       |       |       |       |       ||     7
Throw: Stone             |     2 |       |       |       |       |       |       |       |       ||     2
 Cast: Flame Tongue      |    40 |    39 |    89 |   237 |   264 |    28 |       |       |       ||   697
       Throw Flame       |     1 |    16 |    52 |    86 |   133 |    12 |       |       |       ||   300
       Conjure Flame     |       |     3 |     9 |    14 |    24 |       |       |       |       ||    50
       Sticky Flame      |       |       |    17 |    90 |   183 |   179 |    15 |       |       ||   484
       Fireball          |       |       |     6 |    51 |   300 |   173 |   166 |   141 |   106 ||   943
       Airstrike         |       |       |       |    10 |    34 |       |       |       |       ||    44
       Lightning Bolt    |       |       |       |       |    65 |    71 |    26 |   108 |    23 ||   293
       Poisonous Cloud   |       |       |       |       |    35 |   348 |   148 |    67 |    10 ||   608
       Repel Missiles    |       |       |       |       |     1 |     4 |     5 |     4 |       ||    14
       Blink             |       |       |       |       |       |     7 |     7 |    25 |    61 ||   100
       Bolt of Magma     |       |       |       |       |       |       |   121 |   193 |   333 ||   647
       Tornado           |       |       |       |       |       |       |    69 |    65 |   176 ||   310
       Spellforged Servi |       |       |       |       |       |       |     1 |     1 |    28 ||    30
       Deflect Missiles  |       |       |       |       |       |       |       |     2 |     9 ||    11
       Phase Shift       |       |       |       |       |       |       |       |       |     9 ||     9
       Orb of Destructio |       |       |       |       |       |       |       |       |    68 ||    68
       Swiftness         |       |       |       |       |       |       |       |       |     3 ||     3
 Abil: Fly               |       |       |       |       |     3 |     4 |       |     9 |     3 ||    19
       Stop Flying       |       |       |       |       |     1 |     3 |       |     9 |     3 ||    16
       Evoke Berserk Rag |       |       |       |       |       |     2 |       |       |       ||     2
       Evoke Teleport Co |       |       |       |       |       |       |       |     1 |       ||     1
Evoke: Wand              |       |       |       |     3 |     8 |     4 |       |       |       ||    15
       Staff of energy   |       |       |       |     1 |   474 |   781 |   555 |   536 |   730 ||  3077
       Crystal ball of e |       |       |       |       |     1 |       |       |       |     9 ||    10
  Use: Scroll            |       |     6 |     3 |    19 |    10 |    17 |     4 |     5 |    18 ||    82
       Potion            |       |       |       |       |     1 |     7 |     2 |     1 |    16 ||    27
 Stab: Sleeping          |     3 |       |       |     1 |       |     1 |       |       |       ||     5
       Distracted        |       |       |     2 |       |     1 |       |       |       |     1 ||     4
  Eat: Chunk             |     8 |    10 |    18 |    35 |    70 |    78 |    52 |    51 |    49 ||   371
       Bread ration      |       |       |       |       |     1 |       |       |     1 |     1 ||     3
       Meat ration       |       |       |       |       |       |     2 |     1 |       |     5 ||     8
       Beef jerky        |       |       |       |       |       |     1 |       |       |       ||     1
       Pizza             |       |       |       |       |       |       |       |       |     1 ||     1
